 Dungeon Crawl Stone Soup version 0.25-a0-285-gcba6f664f8 (webtiles) character file.

Game seed: 6230049476068539507, levelgen mode: deterministic

708 mopl the Chopper (level 7, -1/36 HPs)
             Began as a Vine Stalker Monk on Dec 11, 2019.
             Slain by a gnoll
             ... wielding a +0 whip of freezing
              (2 damage)
             ... on level 4 of the Dungeon.
             The game lasted 00:04:44 (3789 turns).

mopl the Chopper (Vine Stalker Monk)                Turns: 3789, Time: 00:04:45

Health: -1/36      AC:  8    Str: 15    XL:     7   Next: 67%
Magic:  0/8        EV:  7    Int: 10    God:
Gold:   207        SH:  0    Dex: 17    Spells: 6/6 levels left

rFire    . . .     SeeInvis .   a - +1 hand axe (elec)
rCold    . . .     Gourm    .   (no shield)
rNeg     . . .     Faith    .   s - +0 chain mail
rPois    .         Spirit   +   v - +0 helmet
rElec    .         Reflect  .   r - +0 cloak
rCorr    .         Harm     .   (no gloves)
MR       .....                  (no boots)
Stlth    ..........             (no amulet)
HPRegen  0.52/turn              l - -2 ring of protection (curse)
MPRegen  0.11/turn              (no ring)

@: lethally poisoned (-1 -> -9)
A: fangs 2, regeneration 1, magic shield, antimagic bite, no potion heal 3, rot
immunity
a: no special abilities


You were on level 4 of the Dungeon.
You were not hungry.

You visited 1 branch of the dungeon, and saw 4 of its levels.

You collected 207 gold pieces.

Inventory:

Hand Weapons
 a - a +1 hand axe of electrocution (weapon)
Missiles
 p - 5 silver javelins (quivered)
 t - 7 javelins
 u - 3 boomerangs
Armour
 r - a +0 cloak (worn)
 s - a +0 chain mail (worn)
 v - a +0 helmet (worn)
Jewellery
 l - a cursed -2 ring of protection (left hand)
Scrolls
 d - 3 scrolls of teleportation {unknown}
 f - 2 scrolls of enchant weapon {unknown}
 g - 2 scrolls of magic mapping {unknown}
 h - 2 scrolls of random uselessness {unknown}
 j - 2 scrolls of remove curse {unknown}
 m - a scroll of amnesia {unknown}
 n - a scroll of blinking {unknown}
 o - 2 scrolls of immolation {unknown}
 q - 2 scrolls of identify
 w - a scroll of enchant armour {unknown}
Potions
 e - 2 potions of haste
 i - a potion of flight
 k - a potion of curing
Comestibles
 c - 10 rations


   Skills:
 + Level 3.2 Fighting
 * Level 7.8 Axes
 - Level 2.4 Dodging
 - Level 2.4 Stealth


You had 6 spell levels left.
You didn't know any spells.
Your spell library was empty.

Dungeon Overview and Level Annotations

Branches:
Dungeon (4/15)
 Temple: D:4-7

Altars:
Hepliaklqana
Kikubaaqudgha
Nemelex Xobeh
Sif Muna
Xom
Yredelemnul

Annotations:
D:2 Sigmund
D:4 1 transporter


Innate Abilities, Weirdness & Mutations

You have extremely sharp teeth.
Your natural rate of healing is unusually fast.
When hurt, damage is shared between your health and your magic reserves.
Your bite disrupts and absorbs the magic of your enemies.
Potions cannot restore your health.
You are immune to rotting.


Message History

You hit the gnoll.
The gnoll hits you from afar with a +0 spear.
The gnoll barely misses you.
Your chain mail prevents you from hitting the gnoll.
You bite the gnoll. You drain its power.
You feel invigorated.
The gnoll is severely wounded.
Your chain mail prevents you from hitting the gnoll.
The gnoll hits you but does no damage. The gnoll barely misses you.
You hit the gnoll. Lightning courses through the gnoll!
You kill the gnoll!
You hit the gnoll. x2
The gnoll hits you with a +1 halberd of venom!
* * * LOW HITPOINT WARNING * * *
You are lethally poisoned!
The gnoll hits you from afar with a +0 spear.
* * * LOW HITPOINT WARNING * * *
The gnoll hits you with a +0 whip of freezing!
* * * LOW HITPOINT WARNING * * *
The gnoll freezes you.
You die...

#.≈≈≈≈≈≈≈≈≈≈≈...≈≈≈≈≈≈≈≈≈≈≈..#
#.≈≈≈≈≈≈≈≈≈≈≈...≈≈≈≈≈≈≈≈≈≈≈..#
#.≈≈#####...........#####≈≈..#
#.≈≈#.8.#.###.©.###.#.8.#≈≈..#
#.≈≈#...###.#####.###...#≈≈..#
#.≈≈###...............###≈≈..#
#.≈≈.8#.######g######.#8.≈≈..#
#.≈≈.##.#P⌠.#).8# .#.##.≈≈..#
##.≈≈.#..'....g@⌠# +.g#.≈≈..#
#..≈≈.##.#.⌠.#g)8# #.##.≈≈..##
#..≈≈.8#.######'######.#8.≈≈....
#..≈≈###....[........g.###≈≈.###
#..≈≈#...###g#####g###...#≈≈.#
#..≈≈#.8.#.###.©.###.#.8.#≈≈.#
#..≈≈#####...........#####≈≈.###
#..≈≈≈≈≈≈≈≈≈≈≈≈≈≈≈≈≈≈≈≈≈≈≈≈≈....
#..≈≈≈≈≈≈≈≈≈≈≈≈≈≈≈≈≈≈≈≈≈≈≈≈≈.<..


You could see 3 gnolls.

Vanquished Creatures
  2 scorpions (D:4)
  A water moccasin skeleton (D:4)
  A hound (D:4)
  An orc priest (D:4)
  Crazy Yiuf (D:3)
  Terence (D:3)
  An iguana (D:4)
  4 orc wizards (D:4)
  4 worker ants (D:4)
  Robin (D:4)
  3 adders
  9 gnolls (D:4)
  2 worms (D:2)
  3 dart slugs
  2 leopard geckos
  10 orcs (D:4)
  7 bats
  4 giant cockroaches
  8 hobgoblins
  A quokka (D:3)
  6 frilled lizards
  13 goblins
  8 kobolds
  6 rats
99 creatures vanquished.

Vanquished Creatures (others)
  5 plants (D:4)
5 creatures vanquished.

Grand Total: 104 creatures vanquished

Notes
Turn   | Place    | Note
-------+----------+-------------------------------------------
     0 | D:1      | mopl the Vine Stalker Monk began the quest for the Orb.
     0 | D:1      | Reached XP level 1. HP: 11/11 MP: 2/2
   209 | D:1      | Reached skill level 3 in Axes
   292 | D:1      | Reached XP level 2. HP: 16/16 MP: 3/3
   687 | D:1      | Found a snail-covered altar of Cheibriados.
   689 | D:1      | Found a sparkling altar of Nemelex Xobeh.
   689 | D:1      | Found a hazy altar of Hepliaklqana.
   691 | D:1      | Found a blossoming altar of Fedhas.
   691 | D:1      | Found a shimmering blue altar of Sif Muna.
   691 | D:1      | Found a shimmering altar of Xom.
   909 | D:2      | Noticed Sigmund
   942 | D:2      | Found a basalt altar of Yredelemnul.
  1042 | D:2      | Reached XP level 3. HP: 14/19 MP: 4/4
  1147 | D:2      | Found a faded altar of an unknown god.
  1207 | D:2      | Reached skill level 4 in Axes
  1777 | D:2      | Gained mutation: Your natural rate of healing is unusually
                  | fast. [Vine Stalker growth]
  1777 | D:2      | Reached XP level 4. HP: 19/23 MP: 3/5
  2134 | D:3      | Noticed Terence
  2142 | D:3      | Killed Terence
  2380 | D:3      | Reached skill level 5 in Axes
  2541 | D:3      | Reached XP level 5. HP: 27/27 MP: 6/6
  2689 | D:3      | Found a runed translucent door.
  2690 | D:3      | Noticed Crazy Yiuf
  2711 | D:3      | Killed Crazy Yiuf
  2791 | D:4      | Reached skill level 6 in Axes
  2791 | D:4      | Reached XP level 6. HP: 28/32 MP: 7/7
  3063 | D:4      | Found an ancient bone altar of Kikubaaqudgha.
  3118 | D:4      | Reached skill level 7 in Axes
  3118 | D:4      | Reached XP level 7. HP: 35/35 MP: 8/8
  3147 | D:4      | Noticed Robin
  3155 | D:4      | Killed Robin
  3358 | D:4      | Reached skill level 3 in Fighting
  3449 | D:4      | Found a transporter.
  3510 | D:4      | Found a transporter.
  3789 | D:4      | HP: 1/36 [gnoll/+0 whip of freezing (4)]
  3789 | D:4      | Slain by a gnoll

Levels and vault maps discovered:
D:1:      arrival_zaba_pyramid, layout_basic, doesnt_xom_only_xom
D:2:      layout_rooms, old_standard_altar, chequers_ecumenical_altar_twisty,
          uniq_sigmund
D:3:      layout_basic, uniq_terence, uniq_crazy_yiuf_cottage
D:4:      layout_loops_corners, kiku_gazebo_pond_becter,
          gammafunk_ghost_gnarly_gnolls, first_ration, corexii_corridor_pit,
          uniq_robin

Skill      XL: |  1  2  3  4  5  6  7 |
---------------+----------------------+-----
Axes           | 3 4 5 6 7 |  7.8
Fighting       | 3 |  3.2
Dodging        | |  2.4
Stealth        | |  2.4

Action                   |  1- 3 |  4- 6 |  7- 9 || total
-------------------------+-------+-------+-------++-------
Melee: Hand axe          |    86 |    93 |    74 ||   253
       Bite              |    18 |    29 |    23 ||    70
  Use: Scroll            |     3 |       |       ||     3
 Stab: Sleeping          |     4 |       |       ||     4
       Invisible         |       |     1 |       ||     1
  Eat: Chunk             |     3 |     4 |     2 ||     9
Armor: Robe              |    11 |       |       ||    11
       Ring mail         |     8 |       |       ||     8
       Scale mail        |       |     7 |       ||     7
       Chain mail        |       |    21 |    49 ||    70
Dodge: Dodged            |    74 |    31 |    23 ||   128

Table legend:
 A = Non-vault XP
 B = Vault XP
 C = Vault XP percentage of total XP
 D = Non-vault monster count
 E = Vault monster count
 F = Vault count percentage of total count
                 A         B        C        D         E       F
            +---------+---------+-------+---------+---------+-------
      Total |     874 |     138 |  13.6 |      85 |      14 |  14.1
            +---------+---------+-------+---------+---------+-------
        D:1 |      18 |       0 |   0.0 |      11 |       0 |   0.0
        D:2 |      70 |       0 |   0.0 |      24 |       0 |   0.0
        D:3 |      41 |      75 |  64.7 |      18 |       2 |  10.0
        D:4 |     745 |      63 |   7.8 |      32 |      12 |  27.3
            +---------+---------+-------+---------+---------+-------
